AoeStats
← hablam

Pilgrims

507514642Analyzed
4v4 RM · 13d ago on Sep 18, 2026· 36m 3s· 8 players
Game mode
Random Map
Map size
Large (8 player)
Population
200
Speed
Normal
Resources
Standard
Victory
Conquest
Starting age
Dark Age
Ending age
Imperial Age
RankedLock teamsTeams togetherTeam positionsShared explorationLock speedFull tech treeHidden civsTurbo modeCheats
Victory
Defeat
🇸🇪 Armenians · Sweden
1333
+13
🇪🇸 Chinese · Spain
1314
+14
🇮🇳 Hindustanis · India
1313
+14
🇩🇪 Muisca · Germany
1179
+20
🇬🇧 Japanese · United Kingdom
1278
-16
🇹🇷 Portuguese · Türkiye
1269
-15
🇬🇧 Dravidians · United Kingdom
1269
-15
🇬🇧 Magyars · United Kingdom
1269
-15
GangstaGoz
5:39 Loom
12:06 Feudal Age
20:32 Castle Age
20:54 Fletching
21:07 Padded Archer Armor
23:26 Bodkin Arrow
24:21 Wheelbarrow
25:11 Gold Mining
THE F4TE
6:46 Loom
9:27 Feudal Age
10:21 Double-Bit Axe
13:24 Wheelbarrow
19:02 Horse Collar
25:30 Castle Age
23:44 Scale Mail Armor
23:56 Forging
24:34 Man-at-Arms
25:36 Arson
27:31 Long Swordsman
28:14 Squires
28:36 Chain Mail Armor
28:45 Town Watch
Papamaci
8:01 Loom
10:26 Feudal Age
11:20 Double-Bit Axe
11:44 Gold Mining
16:37 Fletching
21:10 Castle Age
19:36 Horse Collar
20:29 Stone Mining
21:18 Wheelbarrow
22:12 Bow Saw
22:05 Heavy Plow
29:52 Guard Tower
32:14 Hand Cart
32:27 Bodkin Arrow
32:48 Man-at-Arms
33:30 Squires
33:32 Scale Mail Armor
33:43 Forging
33:24 Long Swordsman
33:51 Arson
35:04 Gambesons
36:19 Yasama
The Uncle
10:57 Feudal Age
11:44 Double-Bit Axe
14:29 Fishing Lines
14:40 Fishing Lines
15:20 Town Watch
19:25 Castle Age
17:59 Horse Collar
20:54 Medium Warships
22:02 Bow Saw
22:21 Fletching
23:53 Wheelbarrow
25:23 Crossbowman
28:21 Loom
29:03 Heavy Plow
Sr.Latserof
12:08 Feudal Age
13:35 Double-Bit Axe
18:52 Castle Age
17:11 Fletching
18:27 Gold Mining
19:49 Medium Warships
20:25 Bodkin Arrow
20:31 Fishing Lines
24:52 Ballistics
26:08 Wheelbarrow
28:22 Gillnets
29:22 Gold Shaft Mining
34:32 Imperial Age
33:06 Padded Archer Armor
33:36 Thumb Ring
33:36 Squires
34:36 Leather Archer Armor
34:48 Bow Saw
34:21 Horse Collar
34:24 Elite Skirmisher
34:43 Elite Fire Lancer
36:47 Conscription
SemperBlender
3:06 Loom
11:02 Feudal Age
12:01 Double-Bit Axe
13:14 Fletching
14:44 Horse Collar
17:17 Wheelbarrow
18:17 Fishing Lines
19:02 Town Watch
22:34 Castle Age
20:29 Stone Mining
20:32 Gold Mining
23:16 Bodkin Arrow
23:38 Medium Warships
23:19 Gillnets
23:44 Bow Saw
23:37 Heavy Plow
25:15 Hand Cart
31:02 Padded Archer Armor
34:27 Imperial Age
33:21 Town Patrol
35:09 Ballistics
35:13 Bracer
36:16 Chemistry
35:51 Crop Rotation
36:54 Conscription
37:42 Two-Man Saw
hablam
11:27 Feudal Age
11:54 Loom
11:36 Man-at-Arms
12:39 Arson
12:18 Long Swordsman
13:52 Scale Mail Armor
21:03 Forging
26:03 Castle Age
28:09 Wheelbarrow
28:11 Iron Casting
27:53 Chain Mail Armor
28:13 Iron Casting
27:29 Gambesons
27:47 Squires
31:09 Two-Handed Swordsman
33:40 Champion
Champ
6:24 Loom
10:58 Feudal Age
12:09 Double-Bit Axe
14:29 Gold Mining
15:53 Fishing Lines
18:42 Wheelbarrow
20:23 Horse Collar
26:17 Castle Age
24:46 Padded Archer Armor
27:19 Padded Archer Armor
30:20 Imperial Age
28:07 Bow Saw
28:48 Leather Archer Armor
28:41 Stone Mining
29:12 Scale Mail Armor
29:22 Forging
29:52 Hand Cart
31:07 Chain Mail Armor
30:47 Town Watch
31:39 Iron Casting
31:13 Gillnets
32:29 Conscription
34:14 Blast Furnace
34:38 Elite Ghulam
Connection lost

Rejoining the realm…

Still unreachable

The connection could not be restored.

Session expired

The server has moved on; the page needs a fresh start.